 Dungeon Crawl Stone Soup version 0.30-a0-187-gd9c2deaf24 (webtiles) character file.

Game seed: 3916005983018172254

186 NinjaNoafa the Ruffian (level 5, 0/50 HPs)
             Began as a Troll Monk on Oct 3, 2022.
             Was an Elder of Lugonu.
             Slain by a black bear (3 damage)
             ... on level 4 of the Dungeon.
             The game lasted 00:04:26 (2004 turns).

NinjaNoafa the Ruffian (Troll Monk)                 Turns: 2004, Time: 00:04:27

Health: 0/50       AC:  4    Str: 19    XL:     5   Next: 38%
Magic:  5/5        EV: 10    Int:  6    God:    Lugonu [****..]
Gold:   227        SH:  0    Dex: 14    Spells: 6/6 levels left

rFire   . . .      SeeInvis .      - Unarmed
rCold   . . .      Faith    .    (no shield)
rNeg    . . .      Spirit   .    a - +0 robe
rPois   +          Reflect  .    (helmet restricted)
rElec   .          Harm     .    (no cloak)
rCorr   .          Rampage  .    (gloves unavailable)
Will    .....                    (boots unavailable)
Stlth   ++........               (no amulet)
HPRegen 1.08/turn                o - ring of poison resistance
MPRegen 0.09/turn                (no ring)

@: mighty
A: large, unfitting armour, claws 3, regeneration 1, shaggy fur 1, tough skin 1
a: Renounce Religion, Depart the Abyss, Bend Space, Banish, Corrupt


You were on level 4 of the Dungeon.
You worshipped Lugonu.
Lugonu was greatly pleased with you.
You visited 1 branch of the dungeon, and saw 4 of its levels.

You collected 227 gold pieces.

Inventory:

Missiles
 n - 3 stones (quivered)
Armour
 a - a +0 robe (worn)
Jewellery
 o - a ring of poison resistance (left claw)
Wands
 r - a wand of digging (7)
Scrolls
 c - 6 scrolls of identify {unknown}
 e - a scroll of torment {unknown}
 f - 2 scrolls of vulnerability {unknown}
 g - 4 scrolls of magic mapping {unknown}
 i - 3 scrolls of butterflies {unknown}
 j - a scroll of enchant armour {unknown}
 k - a scroll of amnesia {unknown}
 l - a scroll of teleportation {unknown}
Potions
 h - a potion of haste
 p - a potion of might


   Skills:
 - Level 2.4 Fighting
 - Level 2.4 Dodging
 - Level 1.0 Stealth
 - Level 5.0 Unarmed Combat
 - Level 1.0 Spellcasting
 + Level 2.4 Invocations


You had 6 spell levels left.
You didn't know any spells.
Your spell library contained the following spells:

 Spells                   Type           Power      Damage    Failure   Level
 Summon Guardian Golem    Hex/Summ       0%         N/A       80%         3
 Orb of Destruction       Conj           0%         9d5       100%        7
 Spellforged Servitor     Conj/Summ      0%         N/A       100%        7
 Chain Lightning          Conj/Air       0%         N/A       100%        9
 Fire Storm               Conj/Fire      0%         5d1       100%        9
 Shatter                  Erth           0%         3d5*      100%        9


Dungeon Overview and Level Annotations

Branches:
Dungeon (4/15)
 Temple: D:4-7

Altars:
Yredelemnul
Lugonu


Innate Abilities, Weirdness & Mutations

You are too large for most types of armour.
You have claws for hands.
Your natural rate of healing is unusually fast.
You are covered in fur. (AC +1)
You have tough skin. (AC +1)


Message History

The black bear claws you but does no damage.
The black bear claws you.
Okay, then.
It was a potion of cancellation.
Your magical effects are unravelling.
You feel magically purged.
You feel yourself slow down.
You feel a little less clever now.
An iguana comes into view.
The iguana hisses angrily.
It was a potion of might.
You feel very mighty all of a sudden. The iguana bites you.
You scratch the black bear.
The black bear is moderately wounded.
The black bear bites you. The black bear claws you.
The black bear closely misses you. The iguana bites you!
You scratch the black bear.
The black bear is moderately wounded.
The iguana bites you!
* * * LOW HITPOINT WARNING * * *
The black bear bites you!
* * * LOW HITPOINT WARNING * * *
The black bear claws you.
* * * LOW HITPOINT WARNING * * *
The black bear misses you.
It was a potion of curing.
You feel better. The black bear bites you.
* * * LOW HITPOINT WARNING * * *
The black bear claws you.
* * * LOW HITPOINT WARNING * * *
The black bear claws you.
* * * LOW HITPOINT WARNING * * *
The iguana bites you.
* * * LOW HITPOINT WARNING * * *
You claw the black bear!
The black bear is almost dead.
The black bear bites you.
* * * LOW HITPOINT WARNING * * *
The black bear claws you but does no damage.
The black bear claws you.
You die...

#.# ##.# #.# #.# #..#
#.# #.# #.## #.. .. #.#
##. #.###.# . #..#..# ..
#.#.## .
.$.#.†.#############....
...............h@l......
.!......###########....#
.######..# ... ##...< .
#####


You could see a black bear and an iguana.

Vanquished Creatures
  A jelly (D:4)
  An orc priest (D:4)
  A hound (D:4)
  4 adders
  2 dart slugs
  2 orcs (D:4)
  4 ball pythons
  5 bats
  7 endoplasms
  4 giant cockroaches
  4 goblins
  7 hobgoblins
  3 jackals (D:4)
  A kobold (D:1)
  A quokka (D:3)
  5 frilled lizards
  3 rats
55 creatures vanquished.

Vanquished Creatures (others)
  A withered plant (D:4)
1 creature vanquished.

Grand Total: 56 creatures vanquished

Notes
Turn   | Place    | Note
-------+----------+-------------------------------------------
     0 | D:1      | NinjaNoafa the Troll Monk began the quest for the Orb.
     0 | D:1      | Reached XP level 1. HP: 22/22 MP: 0/0
   140 | D:1      | Found a faded altar of an unknown god.
   152 | D:1      | Prayed at the altar of an unknown god.
   152 | D:1      | Became a worshipper of Lugonu the Unformed
   152 | D:1      | Reached * piety under Lugonu
   152 | D:1      | Reached ** piety under Lugonu
   152 | D:1      | Reached *** piety under Lugonu
   198 | D:1      | Reached XP level 2. HP: 28/29 MP: 1/1
   360 | D:1      | Reached skill level 4 in Unarmed Combat
   598 | D:2      | Reached XP level 3. HP: 36/36 MP: 2/2
   634 | D:2      | Reached **** piety under Lugonu
  1358 | D:3      | Reached skill level 5 in Unarmed Combat
  1358 | D:3      | Reached XP level 4. HP: 43/44 MP: 3/3
  1902 | D:4      | Found a basalt altar of Yredelemnul.
  1916 | D:4      | Reached skill level 1 in Spellcasting
  1916 | D:4      | Reached skill level 1 in Invocations
  1926 | D:4      | Reached XP level 5. HP: 27/50 MP: 3/5
  1975 | D:4      | Noticed a black bear
  2004 | D:4      | Slain by a black bear

Illustrated notes

Levels and vault maps discovered:
D:1:      tarquinn_simple_flora_water_d, layout_basic,
          hellmonk_ecumenical_altar_run_dry, kennysheep_small_spiral,
          grunt_decor_arrowhead, chequers_serial_rivers_room_b
D:2:      layout_basic, kennysheep_big_empty_room, nicolae_figureground_pulse
D:3:      layout_loops_ring
D:4:      kennysheep_spiral_hall, layout_rooms, yredelemnul_altar_generic

Skill      XL: |  1  2  3  4  5 |
---------------+----------------+-----
Unarmed Combat | 4 5 |  5.0
Spellcasting   | 1 |  1.0
Invocations    | 1 2 |  2.4
Fighting       | |  2.4
Dodging        | |  2.4
Stealth        | |  1.0

Action                   |  1- 3 |  4- 6 || total
-------------------------+-------+-------++-------
Melee: Unarmed           |    85 |    52 ||   137
       Punch             |       |     1 ||     1
  Use: Potion            |       |     6 ||     6
 Stab: Sleeping          |     2 |       ||     2
Armor: Robe              |    32 |    21 ||    53
Dodge: Dodged            |    44 |    37 ||    81

Table legend: (Time is in decaauts)
 A = Elapsed time spent in this place.
 B = Non-inter-level travel time spent in this place.
 C = Inter-level travel time spent in this place.
 D = Time resting spent in this place.
 E = Time spent auto-exploring this place.
 F = Levels seen in this place.
 G = Mean time per level.
                   A        B        C        D        E       F      G
               +--------+--------+--------+--------+--------+-----+--------+
         Total |   1989 |   1902 |     87 |      0 |   1499 |   4 |  497.2 |
       Dungeon |   1989 |   1902 |     87 |      0 |   1499 |   4 |  497.2 |
               +--------+--------+--------+--------+--------+-----+--------+

Top non-repeatable levels by time:
     D:2: 675 daAuts
     D:1: 592 daAuts
     D:3: 591 daAuts
     D:4: 130 daAuts
